 Dungeon Crawl Stone Soup version 0.18-a0-24-g6e14259 (webtiles) character file.

7 Duffy the Caller (level 2, 0/19 HPs)
             Began as a Formicid Summoner on Nov 3, 2015.
             Slain by a giant newt (1 damage)
             ... on level 1 of the Dungeon.
             The game lasted 00:01:02 (912 turns).

Duffy the Caller (Formicid Summoner)                 Turns: 912, Time: 00:01:02

Health: 0/19       AC:  2    Str: 12    XL:     2   Next: 5%
Magic:  1/5        EV: 12    Int: 14    God:
Gold:   11         SH:  0    Dex: 11    Spells: 2 memorised, 3 levels left

rFire  . . .     SeeInvis +     e - +0 dagger
rCold  . . .     Clarity  .     a - +0 robe
rNeg   . . .     SustAt   .     (no shield)
rPois  .         Gourm    .     (helmet unavailable)
rElec  .         Spirit   .     (no cloak)
rCorr  .         Warding  .     (no gloves)
rMut   .         Stasis   +     (no boots)
MR     .....                    (no amulet)
Stlth  ++........               (no ring)
                                (no ring)

@: not resistant to hostile enchantments, unstealthy
A: permanent stasis, dig shafts and tunnels, four strong arms, antennae 3
a: Dig, Shaft Self


You were on level 1 of the Dungeon.
You were not hungry.

You visited 1 branch of the dungeon, and saw 1 of its levels.

You collected 11 gold pieces.


Innate Abilities, Weirdness & Mutations

You are under a permanent stasis effect.
You can dig through walls and to a lower floor.
Your four strong arms can wield two-handed weapons with a shield.
You have a pair of large antennae on your head (SInv).


   Skills:
 - Level 1.7 Dodging
 - Level 2.4 Stealth
 + Level 2.5 Spellcasting
 + Level 4.1 Summonings


You had 3 spell levels left.
You knew the following spells:

 Your Spells              Type           Power        Failure   Level  Hunger
a - Summon Small Mammal   Summ           ##..         4%          1    #......
i - Call Imp              Summ           ##......     10%         2    ###....

Inventory:

Hand Weapons
 e - a +0 dagger (weapon)
Missiles
 f - 31 stones (quivered)
Armour
 a - a +0 robe (worn)
Potions
 d - a potion of magic {unknown}
Books
 b - a book of Callings
Comestibles
 c - a bread ration

Dungeon Overview and Level Annotations

Branches:
Dungeon (1/15)

Altars:


Message History

You are too injured to fight recklessly!
You are too injured to fight recklessly!
The giant gecko barely misses you.
You see here 24 bolts.
Cast which spell? (? or * to list)
A beastly little devil appears in a puff of flame.
The giant gecko barely misses you.
Your crimson imp blinks!
The giant gecko bites you.
Cast which spell? (? or * to list)
A beastly little devil appears in a puff of flame.
The giant gecko misses you.
Your crimson imp blinks! x2
The giant gecko bites you but does no damage.
Cast which spell? (? or * to list)
You don't have enough magic to cast that spell.
The giant gecko closely misses your crimson imp.
Cast which spell? (? or * to list)
Your crimson imp barely misses the giant gecko.
The giant gecko misses your crimson imp.
The giant newt bites you.
Your crimson imp hits the giant gecko.
The giant gecko misses your crimson imp.
There is an open door here.
The giant gecko bites your crimson imp.
Your crimson imp closely misses the giant gecko.
The giant gecko bites something.
There is an open door here.
Things that are here:
an uncursed hunting sling; an uncursed short sword You closely miss the giant newt.
The giant newt closely misses you.
You closely miss the giant newt.
Your crimson imp misses the giant newt.
The giant gecko barely misses your crimson imp.
The giant newt bites you.
You die...

..........#..#.....# ########.##
..........#.....#### #........#
$.........#.....+ #.#####..#
..........#...†.#######.#...#..#
..........#..r>.+.......#.###.)##
..........#..5..######......#....
###########..l..#.........#......
####5##.......###......
#.l@.......###......
####................
#(.....#####..... #..(...# #.....
#......# #..... #......# #.....
#......# ########


You could see a giant gecko, a giant newt and a friendly crimson imp.

Action                   || total
-------------------------++-------
Melee: Dagger            ||    56
 Cast: Summon Small Mamm ||    15
       Call Imp          ||     2

Notes
Turn   | Place    | Note
--------------------------------------------------------------
     0 | D:1      | Duffy the Formicid Summoner began the quest for the Orb.
     0 | D:1      | Reached XP level 1. HP: 13/13 MP: 3/3
   862 | D:1      | Reached XP level 2. HP: 19/19 MP: 5/5
   868 | D:1      | Learned a level 2 spell: Call Imp
   912 | D:1      | Slain by a giant newt

Vault maps used:
D:1:      minmay_arrival_widening_spiral_narrow

Vanquished Creatures
  2 giant cockroaches
  A goblin
  A hobgoblin
  A bat
  4 rats
9 creatures vanquished.
